 Dungeon Crawl Stone Soup version 0.19-a0-503-g45a6586 (webtiles) character file.

18 shklvsk the Charmwright (level 2, 0/22 HPs)
             Began as a Demonspawn Skald on June 5, 2016.
             Slain by an adder (3 damage)
             ... on level 2 of the Dungeon.
             The game lasted 00:01:33 (597 turns).

shklvsk the Charmwright (Demonspawn Skald)           Turns: 597, Time: 00:01:34

Health: 0/22       AC:  3    Str: 12    XL:     2   Next: 51%
Magic:  5/5        EV: 18    Int: 13    God:
Gold:   18         SH:  0    Dex: 17    Spells: 2 memorised, 2 levels left

rFire  . . .     SeeInvis .     a - +0 hand axe
rCold  . . .     Gourm    .     b - +0 leather armour
rNeg   . . .     Faith    .     (no shield)
rPois  .         Spirit   .     (no helmet)
rElec  .         Dismiss  .     (no cloak)
rCorr  .         Reflect  .     (no gloves)
SustAt .         Harm     .     (no boots)
MR     .....                    (no amulet)
Stlth  ++........               (no ring)
                                (no ring)

@: agile, lethally poisoned (0 -> -6), not resistant to hostile enchantments,
unstealthy
A: repulsion field 1
a: no special abilities


You were on level 2 of the Dungeon.
You were not hungry.

You visited 1 branch of the dungeon, and saw 2 of its levels.

You collected 18 gold pieces.

Inventory:

Hand Weapons
 a - a +0 hand axe (weapon)
Armour
 b - a +0 leather armour (worn)
Scrolls
 f - a scroll of amnesia {unknown}
 g - a scroll of enchant weapon {unknown}
 h - a scroll of magic mapping {unknown}
Books
 c - a book of Battle
 i - a book of Changes
   (You found it on level 2 of the Dungeon)
Comestibles
 d - a bread ration {@e1}


   Skills:
 - Level 2.0 Fighting
 * Level 2.2 Axes
 - Level 1.1 Armour
 - Level 1.1 Dodging
 + Level 0.4 Stealth
 - Level 2.0 Spellcasting
 - Level 2.8 Charms


You had 2 spell levels left.
You knew the following spells:

 Your Spells              Type           Power        Failure   Level  Hunger
a - Infusion              Chrm           #...         12%         1    ##.....
s - Shroud of Golubria    Chrm/Tloc      #.........   34%         2    ###....


Dungeon Overview and Level Annotations

Branches:
Dungeon (1/15)

Altars:
Ashenzari


Innate Abilities, Weirdness & Mutations

You are surrounded by a mild repulsion field. (EV +2)


Message History

There are no items here.
The giant newt completely misses you.
You closely miss the giant newt. The giant newt barely misses you.
You hit the giant newt but do no damage.
The giant newt closely misses you. The giant newt barely misses you.
You hit the giant newt.
You kill the giant newt!
You see here a giant newt corpse.
h - a scroll labeled CESEIBULIE As you open the door, it creaks loudly!
There is an open door here.
A giant cockroach comes into view.
The giant cockroach closely misses you.
You hit the giant cockroach.
The giant cockroach bites you but does no damage.
The giant cockroach barely misses you.
You hit the giant cockroach.
You kill the giant cockroach!
No target in view!
No target in view!
A rat comes into view.
The helpless rat fails to defend itself.
You hit the rat.
You kill the rat!
No target in view!
No target in view!
You open the door.
There is an open door here.
i - a book of Changes
Found a stone staircase leading down.
Unknown command.
Memorise Shroud of Golubria, consuming 2 spell levels and leaving 2?
You start memorising the spell.
You continue memorising. x2
You finish memorising.
Spell assigned to 's'.
There is a stone staircase leading down here.
A quokka and a hobgoblin come into view.
The hobgoblin shouts!
You hit the hobgoblin.
You kill the hobgoblin!
You hit the quokka.
The quokka bites you but does no damage.
You hit the quokka. The quokka closely misses you.
The quokka barely misses you.
You hit the quokka.
You kill the quokka!
No target in view!
Things that are here:
a club; a hobgoblin corpse
Found a stone staircase leading up.
No target in view!
There is a stone staircase leading up here.
An adder comes into view.
Found a stone staircase leading down.
The adder bites you.
You are poisoned.
The adder poisons you! The adder closely misses you.
You take 4 damage, and have 18/22 hp.
You barely miss the adder.
You feel sick. The adder misses you.
You take 1 damage, and have 17/22 hp.
You closely miss the adder. The adder bites you.
You are more poisoned.
The adder poisons you! The adder bites you.
You are lethally poisoned!
The adder poisons you!
You take 5 damage, and have 12/22 hp.
MASSIVE DAMAGE!!
You miss the adder.
You feel sick. The adder closely misses you.
You take 1 damage, and have 11/22 hp.
You hit the adder.
You feel sick. The adder misses you. The adder bites you but does no damage.
You take 2 damage, and have 9/22 hp.
You miss the adder.
You feel sick. The adder barely misses you.
You hit the adder.
You feel sick. The adder bites you but does no damage. The adder misses you.
You take 1 damage, and have 8/22 hp.
You closely miss the adder.
You feel sick. The adder closely misses you. The adder barely misses you.
You take 1 damage, and have 7/22 hp.
You miss the adder.
* * * LOW HITPOINT WARNING * * *
You feel sick. The adder barely misses you.
You take 1 damage, and have 6/22 hp.
You closely miss the adder. The adder closely misses you.
The adder bites you but does no damage.
A giant newt comes into view.
You barely miss the adder.
* * * LOW HITPOINT WARNING * * *
You feel sick. The adder completely misses you.
You take 1 damage, and have 5/22 hp.
It was a potion of agility.
You feel agile all of a sudden.
* * * LOW HITPOINT WARNING * * *
You feel sick. The adder closely misses you.
You take 1 damage, and have 4/22 hp.
You hit the adder. The adder bites you but does no damage.
The adder barely misses you.
You hit the adder but do no damage.
* * * LOW HITPOINT WARNING * * *
You feel sick. The adder bites you.
You die...

#..##.##...##.#
.# #
#..........##.##
##.##.##........
#.##)##.#####.#
#.......# #.#
####.#### #># #.#
#.# #.# #S# #.#
#@####.# #.#
##..l...# #.#
##...#####
#.######.....##
#<...............
########.....####
##...## #####


You could see an adder and a giant newt.

Vanquished Creatures
  A bat (D:2)
  2 giant cockroaches (D:2)
  A hobgoblin (D:2)
  6 jackals (D:1)
  A kobold (D:1)
  A quokka (D:2)
  2 giant newts (D:2)
  A rat (D:2)
15 creatures vanquished.

Notes
Turn   | Place    | Note
--------------------------------------------------------------
     0 | D:1      | shklvsk the Demonspawn Skald began the quest for the Orb.
     0 | D:1      | Reached XP level 1. HP: 16/16 MP: 3/3
    46 | D:1      | Reached skill level 1 in Armour
    46 | D:1      | Reached skill level 1 in Dodging
    62 | D:1      | HP: 4/16 [jackal (1)]
    70 | D:1      | Gained mutation: You are surrounded by a mild repulsion field. (EV +2) [demonic ancestry]
    70 | D:1      | Reached XP level 2. HP: 5/22 MP: 1/5
   323 | D:1      | You fall through a shaft!
   350 | D:2      | Reached skill level 2 in Axes
   394 | D:2      | Found a shattered altar of Ashenzari.
   510 | D:2      | Learned a level 2 spell: Shroud of Golubria
   594 | D:2      | HP: 5/22 [poisoned by an adder]
   597 | D:2      | Slain by an adder

Vault maps used:
D:1:      elethiomel_arrival_infinity_welcomes_careful_drivers,
          serial_co_window_serial, co_window_paths_b, co_window_paths_a,
          co_window_paths_a, co_window_of_opportunity_a, co_window_paths_a,
          co_window_paths_a, co_window_paths_a, co_window_of_opportunity_a,
          co_window_paths_a, co_window_broadway_a, co_window_corner_b,
          co_window_cross_3, co_window_corner_ca, co_window_cross_3,
          co_window_of_opportunity_b, co_window_4corner_a, glass_columns_a
D:2:      evilmike_ruin_ashenzari, lexackson_kobold_supper

Skill      XL: |  1  2 |
---------------+-------+-----
Armour         | 1 |  1.1
Dodging        | 1 |  1.1
Axes           | 2 |  2.2
Fighting       | |  2.0
Stealth        | |  0.4
Spellcasting   | |  2.0
Charms         | |  2.8

Action                   || total
-------------------------++-------
Melee: Hand axe          ||    63
 Cast: Infusion          ||     2
  Use: Potion            ||     1
 Stab: Sleeping          ||     1
Armor: Leather armour    ||    25
Dodge: Dodged            ||    61

Vault maps used:
D:1:      elethiomel_arrival_infinity_welcomes_careful_drivers,
          serial_co_window_serial, co_window_paths_b, co_window_paths_a,
          co_window_paths_a, co_window_of_opportunity_a, co_window_paths_a,
          co_window_paths_a, co_window_paths_a, co_window_of_opportunity_a,
          co_window_paths_a, co_window_broadway_a, co_window_corner_b,
          co_window_cross_3, co_window_corner_ca, co_window_cross_3,
          co_window_of_opportunity_b, co_window_4corner_a, glass_columns_a
D:2:      evilmike_ruin_ashenzari, lexackson_kobold_supper

Table legend:
 A = Turns spent in this place as a percentage of turns spent in the entire game.
 B = Non-inter-level travel turns spent in this place as a percentage of non-inter-level travel turns spent in the entire game.
 C = Inter-level travel turns spent in this place as a percentage of turns spent in this place.
 D = Turns resting spent in this place as a percentage of non-inter-level travel turns spent in this place.
 E = Turns spent auto-exploring this place as a percentage of non-inter-level travel turns spent in this place.
 F = Non-inter-level travel turns spent in this place divided by the number of levels of this place that you've seen.
                   A       B       C       D       E      F
               +-------+-------+-------+-------+-------+----------------------
         Total | 100.0 | 100.0 |   0.0 |   1.4 |   4.2 | 108.0
       Dungeon | 100.0 | 100.0 |   0.0 |   1.4 |   4.2 | 108.0
               +-------+-------+-------+-------+-------+----------------------

Table legend:
 A = Kills in this place as a percentage of kills in entire the game.
 B = Kills by you in this place as a percentage of kills by you in the entire game.
 C = Kills by friends in this place as a percentage of kills by friends in the entire game.
 D = Other kills in this place as a percentage of other kills in the entire game.
 E = Experience gained in this place as a percentage of experience gained in the entire game.
 F = Experience gained in this place divided by the number of levels of this place that you have seen.
                   A       B       C       D       E      F
               +-------+-------+-------+-------+-------+----------------------
         Total | 100.0 | 100.0 |  -nan |  -nan | 100.0 |  13.5
       Dungeon | 100.0 | 100.0 |  -nan |  -nan | 100.0 |  13.5
               +-------+-------+-------+-------+-------+----------------------
